 Dungeon Crawl Stone Soup version 0.30.1-9-gdf580d7c3d (webtiles) character file.

Game seed: 15901778856367977330

3041 jagang the Carver (level 10, 0/81 HPs)
             Began as a Human Monk on Oct 11, 2023.
             Was an Elder of the Shining One.
             Succumbed to a hornet's poison
             ... on level 7 of the Dungeon.
             The game lasted 00:14:48 (7233 turns).

jagang the Carver (Human Monk)                      Turns: 7233, Time: 00:14:49

Health: 0/81       AC: 14    Str: 11    XL:     10   Next: 11%
Magic:  10/10      EV:  5    Int: 16    God:    the Shining One [****..]
Gold:   380        SH: 10    Dex: 21    Spells: 9/9 levels left

rFire   . . .        s - +0 long sword
rCold   . . .        j - +0 kite shield
rNeg    + + .        J - +0 chain mail
rPois   .            (no helmet)
rElec   .            (no cloak)
rCorr   .            t - +2 pair of gloves
SInv    .            F - +0 pair of boots
Will    .....        (no amulet) Stlth
                     u - +6 ring of intelligence
HPRegen 0.33/turn    (no ring)
MPRegen 0.12/turn

%: no passive effects
@: lethally poisoned (0 -> -11), slowed, glowing, very slow
A: no striking features
a: Renounce Religion, Divine Shield, Cleansing Flame


You were on level 7 of the Dungeon.
You worshipped the Shining One.
The Shining One was greatly pleased with you.
You visited 1 branch of the dungeon, and saw 7 of its levels.
You also visited: Ossuary.

You collected 380 gold pieces.

Inventory:

Hand Weapons
 s - a +0 long sword (weapon)
Missiles
 w - 7 poisoned darts
 E - 6 javelins (quivered)
 G - 4 boomerangs of dispersal
Armour
 d - an orb of light
 j - a +0 kite shield (worn)
 t - a +2 pair of gloves (worn)
 F - a +0 pair of boots (worn)
 J - a +0 chain mail (worn)
Jewellery
 u - a +6 ring of intelligence (left hand)
Wands
 o - a wand of iceblast (5)
 x - a wand of charming (14)
Scrolls
 g - a scroll of magic mapping {unknown}
 h - a scroll of poison {unknown}
 l - 4 scrolls of fear
 n - 2 scrolls of teleportation {unknown}
 p - a scroll of immolation
 q - 2 scrolls of amnesia {unknown}
 r - a scroll of noise
 v - a scroll of blinking {unknown}
 y - a scroll of enchant weapon
 D - a scroll of butterflies {unknown}
 I - a scroll of torment {unknown}
Potions
 a - 4 potions of mutation {unknown}
 b - 2 potions of magic
 c - 3 potions of ambrosia
 e - a potion of haste {unknown}
 f - 3 potions of degeneration
 k - 3 potions of brilliance {unknown}
 m - 3 potions of might {unknown}
 z - 3 potions of flight {unknown}
 A - a potion of cancellation {unknown}
 B - 2 potions of heal wounds {unknown}
 C - a potion of invisibility {unknown}
 H - 3 potions of lignification {unknown}


   Skills:
 * Level 8.3 Fighting
 * Level 8.3 Long Blades
 + Level 4.3 Throwing
 + Level 5.1 Armour
 - Level 3.0 Dodging
 + Level 2.9 Shields


You had 9 spell levels left.
You didn't know any spells.
Your spell library contained the following spells:

 Spells                   Type           Power      Damage    Failure   Level
 Beastly Appendage        Tmut           0%         N/A       100%        1
 Sandblast                Erth           0%         2d4       100%        1
 Passwall                 Tmut/Erth      0%         N/A       100%        2
 Wereblood                Tmut           0%         N/A       100%        2
 Gell's Gravitas          Tloc           0%         N/A       100%        3
 Spider Form              Tmut/Pois      0%         N/A       100%        3
 Stone Arrow              Conj/Erth      0%         3d7       100%        3
 Teleport Other           Tloc           0%         N/A       100%        3
 Dispersal                Tloc           0%         N/A       100%        6


Dungeon Overview and Level Annotations

Branches:
Dungeon (7/15)             Temple (0/1) D:6         Ossuary (visited)

Altars:
Cheibriados
Dithmenos
Elyvilon
Xom
Zin
The Shining One

Annotations:
D:4 3 runed translucent doors, Psyclone's ghost, amateur OpCj
D:6 1 runed translucent door, VictoriousLee's ghost, novice OpVM


Message History

The hornet stings you.
You are more poisoned.
You feel yourself slow down.
You can move again.
You hit the hornet but do no damage.
The hornet is heavily wounded.
You feel extremely sick. The hornet stings you!
You feel as though you will be slow longer.
The hornet barely misses you.
You are too injured to fight recklessly!
You are too injured to fight recklessly!
You are too injured to fight recklessly!
You hit the hornet but do no damage.
The hornet is heavily wounded.
You feel very sick. You block the hornet's attack.
The hornet barely misses you. You block the hornet's attack.
You hit the hornet but do no damage.
The hornet is heavily wounded.
You feel yourself speed up.
You feel very sick. The hornet stings you.
* * * LOW HITPOINT WARNING * * *
You feel yourself slow down.
The hornet stings you but does no damage.
You block the hornet's attack.
You hit the hornet.
The hornet is heavily wounded.
You feel very sick. The hornet barely misses you. The hornet stings you!
* * * LOW HITPOINT WARNING * * *
You are lethally poisoned!
You feel as though you will be slow longer.
The hornet stings you but does no damage.
Aiming: Charm
Press: ? - help, Shift-Dir - straight line, f - hornet
Aim: a hornet (heavily wounded, haloed, chance to affect: 39%)
The hornet resists with some effort.
You die...

###.#
##.#.#
#...)#
##.###
#..#
##.#
#.#
##.#
#.@#
#y##
#. #.
#. #.
.. ##


You could see a hornet.

Vanquished Creatures
  Pikel (D:5)
  Maggie (D:7)
  Sigmund (D:6)
  Edmund (D:5)
  A water moccasin (D:6)
  An ice beast (D:7)
  An ogre (D:4)
  A phantom (D:5)
  A bullfrog (D:6)
  A scorpion (D:5)
  5 water moccasin zombies (Ossuary)
  10 killer bees
  5 hounds
  2 jellies
  A gnoll bouda (D:7)
  A sleepcap (D:4)
  6 iguanas
  3 orc wizards (D:5)
  2 mummies (Ossuary)
  9 gnolls
  11 adders
  A shadow imp (D:6)
  A white imp (D:6)
  An ufetubus (D:5)
  5 adder zombies (Ossuary)
  2 worms
  A dart slug (D:4)
  7 orcs
  6 ball pythons
  8 endoplasms
  A giant cockroach (D:3)
  4 hobgoblins
  2 jackals (D:1)
  2 quokkas (D:1)
  4 bats
  A frilled lizard (D:2)
  2 gnoll zombies (Ossuary)
  6 goblins
  5 hobgoblin zombies (Ossuary)
  5 kobolds
  7 kobold zombies (Ossuary)
  4 orc zombies (Ossuary)
  4 rats
144 creatures vanquished.

Vanquished Creatures (others)
  A hound (D:6)
1 creature vanquished.

Grand Total: 145 creatures vanquished

Notes
Turn   | Place    | Note
-------+----------+-------------------------------------------
     0 | D:1      | jagang the Human Monk began the quest for the Orb.
     0 | D:1      | Reached XP level 1. HP: 18/18 MP: 1/1
   152 | D:1      | Reached XP level 2. HP: 23/24 MP: 2/2
   745 | D:1      | Reached XP level 3. HP: 29/29 MP: 3/3
   937 | D:2      | Reached skill level 1 in Armour
  1281 | D:2      | Found a glowing golden altar of the Shining One.
  1288 | D:2      | Reached XP level 4. HP: 31/37 MP: 4/4
  1291 | D:2      | Became a worshipper of the Shining One
  1291 | D:2      | Reached * piety under the Shining One
  1291 | D:2      | Reached ** piety under the Shining One
  2144 | D:3      | HP: 1/37 [orc/+0 flail (6)]
  3080 | D:4      | Reached XP level 5. HP: 41/42 MP: 5/5
  3317 | D:4      | Noticed an ogre
  3325 | D:4      | Killed an ogre
  3326 | D:4      | Reached XP level 6. HP: 23/50 MP: 6/6
  3963 | D:4      | Found an ancient bone altar of Kikubaaqudgha.
  3965 | D:4      | Found a shimmering altar of Xom.
  3965 | D:4      | Found a snail-covered altar of Cheibriados.
  3967 | D:4      | Found a glowing silver altar of Zin.
  3967 | D:4      | Found a white marble altar of Elyvilon.
  3967 | D:4      | Found a shadowy altar of Dithmenos.
  4094 | D:4      | Found a runed translucent gate.
  4094 | D:4      | Noticed Psyclone's ghost (amateur OpCj)
  4095 | D:4      | Found a runed translucent gate.
  4096 | D:4      | Found a runed translucent gate.
  4108 | D:4      | Identified the +4 dagger of Dyng {flame, Will+ Str+4}
  4108 | D:4      | Identified the +2 ring mail of Iraribed {rF+ rN+ Will-
                  | Slay+3}
  4158 | D:5      | Entered Level 5 of the Dungeon
  4166 | D:5      | Reached skill level 5 in Fighting
  4166 | D:5      | Reached skill level 5 in Long Blades
  4171 | D:5      | Noticed Pikel
  4181 | D:5      | HP: 2/51 [Pikel/+2 whip of freezing (4)]
  4183 | D:5      | Killed Pikel
  4184 | D:5      | Reached XP level 7. HP: 3/58 MP: 7/7
  4184 | D:5      | Reached XP level 8. HP: 4/64 MP: 8/8
  4502 | D:5      | Found a sand-covered staircase.
  4507 | Ossuary  | Entered an ossuary
  4558 | Ossuary  | Reached *** piety under the Shining One
  4646 | Ossuary  | Reached **** piety under the Shining One
  4765 | D:5      | Reached XP level 9. HP: 68/71 MP: 9/9
  5074 | D:5      | Noticed Edmund
  5095 | D:5      | Killed Edmund
  5549 | D:6      | Found a staircase to the Ecumenical Temple.
  5592 | D:6      | Noticed Sigmund
  5617 | D:6      | Reached skill level 1 in Shields
  5618 | D:6      | Killed Sigmund
  5734 | D:6      | Found a runed translucent door.
  5734 | D:6      | Noticed VictoriousLee's ghost (novice OpVM)
  6535 | D:7      | Noticed Maggie
  6545 | D:7      | Killed Maggie
  6593 | D:6      | HP: 3/74 [poisoned by a killer bee]
  6817 | D:7      | Reached skill level 5 in Armour
  6905 | D:7      | Reached XP level 10. HP: 72/80 MP: 10/10
  7226 | D:7      | Paralysed by a hornet for 3 turns
  7232 | D:7      | HP: 3/81 [hornet (12)]
  7233 | D:7      | Succumbed to a hornet's poison

Illustrated notes

Levels and vault maps discovered:
D:1:      dpeg_arrival_refuge, layout_loops_ring
D:2:      layout_loops_ring, basic_altar, serial_forest,
          infiniplex_forest_clump_tiny, infiniplex_forest_end_3,
          infiniplex_forest_lined_3, infiniplex_forest_clump_long,
          infiniplex_forest_clump_small, infiniplex_forest_lined_3_way,
          infiniplex_forest_corner_2, dreamdust_wishing_well,
          lemuel_flame_loot_1
D:3:      layout_basic
D:4:      nicolae_cairo_tiling, layout_gridville, doesnt_xom_only_xom,
          biasface_ghost_orc_armoury
D:5:      layout_basic, enter_ossuary_2, uniq_edmund, uniq_pikel
D:6:      layout_loops_ring, minmay_temple_entry_mist, ebering_ghost_sewer_d,
          uniq_sigmund
D:7:      layout_loops_ring, uniq_maggie

Skill      XL: |  1  2  3  4  5  6  7  8  9 |
---------------+----------------------------+-----
Armour         | 1 2 3 4 5 |  5.1
Long Blades    | 4 6 8 |  8.3
Fighting       | 4 6 8 |  8.3
Throwing       | 2 3 4 |  4.3
Shields        | 2 |  2.9
Dodging        | |  3.0

Action                     |  1- 3 |  4- 6 |  7- 9 | 10-12 || total
---------------------------+-------+-------+-------+-------++-------
  Melee: Falchion          |    65 |    64 |       |       ||   129
         Long sword        |       |    68 |   302 |    26 ||   396
  Throw: Dart              |       |       |    20 |       ||    20
         Javelin           |       |       |     6 |     4 ||    10
  Evoke: Wand              |       |       |       |     1 ||     1
    Use: Scroll            |       |       |     6 |       ||     6
         Potion            |       |       |     5 |       ||     5
 Armour: Leather armour    |    11 |       |       |       ||    11
         Ring mail         |     7 |    39 |    82 |       ||   128
         Chain mail        |       |       |    60 |    14 ||    74
  Dodge: Dodged            |    40 |    66 |   158 |    14 ||   278
  Block: Kite shield       |       |       |   115 |    13 ||   128
